 Dungeon Sprint DCSS version 0.28-a0-991-g956f0ee3d5 (webtiles) character file.

Game seed: 16250649343421220951

32653 mhtbhm the Phalangite (level 13, -1/140 HPs)
             Began as a Yellow Draconian Berserker on Dec 4, 2021.
             Was the Champion of Trog.
             Killed from afar by a naga (4 damage)
             ... with a splash of poison
             ... in the Dungeon (Sprint IX: "|||||||||||||||||||||||||||||").
             The game lasted 00:10:45 (5252 turns).

mhtbhm the Phalangite (Yellow Draconian Berserker)  Turns: 5252, Time: 00:10:46

Health: -1/140     AC: 11    Str: 26    XL:     13   Next: 32%
Magic:  13/13      EV: 18    Int:  8    God:    Trog [******]
Gold:   1906       SH:  0    Dex: 12    Spells: 12/12 levels left

rFire   . . .      SeeInvis +   a - +2 bardiche (flame)
rCold   . . .      Faith    .   (shield currently unavailable)
rNeg    . . .      Spirit   .   (armour unavailable)
rPois   .          Reflect  .   (helmet restricted)
rElec   .          Harm     .   m - +0 cloak
rCorr   +          Rampage  .   l - +0 pair of gloves
Will    .....      NoTele   +   s - +0 pair of boots
Stlth   +++.......              (no amulet)
HPRegen 0.33/turn               j - +3 ring of strength
MPRegen 0.13/turn               x - ring of see invisible

@: lethally poisoned (-1 -> -17), on berserk cooldown, slowed, very slow
A: spit acid, AC +8, unfitting armour, cold-blooded, acid resistance
a: Breathe Acid, Renounce Religion, Berserk, Trog's Hand, Brothers in Arms


You were in the Dungeon.
You worshipped Trog.
Trog was exalted by your worship.
You visited 1 branch You collected 1906 gold pieces.

Inventory:

Hand Weapons
 a - a +2 bardiche of flaming (weapon)
 t - the +10 battleaxe of the Desert {vorpal, +Blink rElec}
   (Trog gifted it to you in the Dungeon)

   It inflicts extra damage upon your enemies.
   rElec:     It insulates you from electricity.
   +Blink:    It lets you blink.
Missiles
 k - 4 throwing nets
 n - 6 curare-tipped darts (quivered)
Armour
 l - a +0 pair of gloves (worn)
 m - a +0 cloak (worn)
 s - a +0 pair of boots (worn)
 y - a +1 tower shield
Jewellery
 j - a +3 ring of strength (left hand)
 w - a ring of protection from cold
 x - a ring of see invisible (right hand)
Wands
 i - a wand of iceblast (10)
Scrolls
 g - 3 scrolls of blinking
 q - 3 scrolls of fog
 r - 4 scrolls of enchant armour
 z - 2 scrolls of enchant weapon
 A - a scroll of identify
Potions
 b - 5 potions of curing
 c - 10 potions of heal wounds
 d - 2 potions of haste
 e - 4 potions of magic
 f - 2 potions of berserk rage
 h - a potion of invisibility
 o - 2 potions of mutation
Miscellaneous
 p - a condenser vane


   Skills:
 + Level 20.5 Fighting
 + Level 25.0 Polearms
 + Level 0.8 Throwing
 + Level 15.4 Dodging
 + Level 5.2 Stealth
 + Level 2.4 Evocations


You had 12 spell levels left.
You didn't know any spells.
Your spell library was empty.

Dungeon Overview and Level Annotations

Branches:
Dungeon (1/1)

Altars:
Cheibriados
Dithmenos
Elyvilon
Fedhas
Gozag
Hepliaklqana
Kikubaaqudgha
Makhleb
Nemelex Xobeh
Okawaru
Qazlal
Ru
Sif Muna
Trog
Uskayaw
Vehumet
Wu Jian
Xom
Yredelemnul
Zin
The Shining One
Beogh
Jiyva
Lugonu

Shops:
D ([:[


Innate Abilities, Weirdness & Mutations

You can spit globs of acid.
Your golden yellow scales are hard. (AC +8)
You cannot fit into any form of body armour.
You are cold-blooded and may be slowed by cold attacks.
You are resistant to acid. (rCorr)


Message History

The anaconda is almost dead.
You feel sick. The anaconda closely misses you. The anaconda constricts you.
The anaconda bites you.
* * * LOW HITPOINT WARNING * * *
The anaconda constricts you.
* * * LOW HITPOINT WARNING * * *
You slice the anaconda!! You burn the anaconda.
You kill the anaconda!
Trog accepts your kill.
You feel sick. The black mamba closely misses you.
Your Polearms skill increases to level 25!
You hit the black mamba but do no damage.
Your tail-slap misses the black mamba.
You feel sick. The black mamba misses you. The black mamba bites you.
* * * LOW HITPOINT WARNING * * *
Unknown command.
You feel better. The black mamba closely misses you. The black mamba bites you!
* * * LOW HITPOINT WARNING * * *
You are poisoned.
You have difficulty breathing.
* * * LOW HITPOINT WARNING * * *
You feel as though you will be slow longer.
Unknown command.
You slash the black mamba! You burn the black mamba!
You tail-slap the black mamba.
The black mamba is severely wounded.
You feel very sick. The black mamba closely misses you.
The black mamba bites you!
* * * LOW HITPOINT WARNING * * *
Unknown command.
You open the black mamba like a pillowcase!!!
You burn the black mamba!
You kill the black mamba!
Trog accepts your kill.
* * * LOW HITPOINT WARNING * * *
You feel very sick. The naga spits poison at you.
The splash of poison hits you.
You are more poisoned.
You die...

..∩)∩)∩)∩....['[...).))))))).....
▓▓▓▓▓▓▓▓▓▓▓▓▓▓▓▓▓▓▓▓▓▓▓▓▓▓▓▓▓▓▓▓▓
.................................
▓▓▓▓▓▓▓▓▓▓▓▓▓▓▓▓▓▓▓▓▓▓▓▓▓▓▓▓▓▓▓▓▓
........)).)'[)........[[[[[.[[.)
▓▓▓▓▓▓▓▓▓▓▓▓▓▓▓▓▓▓▓▓▓▓▓▓▓▓▓▓▓▓▓▓▓
.......)÷).......................
♣♣♣♣♣♣♣♣♣♣▓▓▓▓▓▓▓▓▓▓▓▓▓▓▓▓▓▓▓▓▓▓▓
+....N)@))').......††)..
♣▓▓▓▓▓▓▓▓▓▓▓▓▓▓▓▓▓▓▓▓▓▓▓


You could see a naga (catching breath).

Vanquished Creatures
  An emperor scorpion (D)
  2 dire elephants (D)
  Azrael (D)
  A fire dragon (D)
  A merfolk impaler (D)
  Snorg (D)
  2 rakshasas (D)
  3 hydras (D)
  4 ice dragons (D)
  An anaconda (D)
  A boulder beetle (D)
  A catoblepas (D)
  A centaur warrior (D)
  A spriggan berserker (D)
  Sonja (D)
  2 deep elf pyromancers (D)
  3 orc knights (D)
  An orb spider (D)
  6 orc sorcerers (D)
  An ugly thing (D)
  A slime creature (D)
  2 cyclopes (D)
  2 wolf spiders (D)
  A salamander (D)
  A merfolk siren (D)
  7 cane toads (D)
  6 elephants (D)
  3 naga magi (D)
  2 black mambas (D)
  A demonic crawler (D)
  An unseen horror (D)
  5 merfolk (D)
  A troll (D)
  A jumping spider (D)
  A polar bear (D)
  A hornet (D)
  A hornet (shapeshifter) (D)
  A snapping turtle (D)
  2 blink frogs (D)
  A wind drake (D)
  A tarantella (D)
  A fire elemental (D)
  A basilisk (D)
  A vampire mosquito (D)
  A naga (D)
  3 hell hounds (D)
  2 water moccasins (D)
  11 orc warriors (D)
  A necrophage (D)
  A centaur (D)
  3 bullfrogs (D)
  A kobold brigand (D)
  2 orc priests (D)
  12 orc wizards (D)
  2 adders (D)
  An adder zombie (D)
  8 orcs (D)
  2 endoplasms (D)
  A frilled lizard (D)
  2 kobolds (D)
133 creatures vanquished.

Notes
Turn   | Place    | Note
-------+----------+-------------------------------------------
     0 | D        | mhtbhm the Draconian Berserker began the quest for the Orb.
     0 | D        | Reached XP level 1. HP: 19/19 MP: 1/1
    11 | D        | Reached ** piety under Trog
   122 | D        | Noticed an orc wizard
   122 | D        | Noticed a necrophage
   126 | D        | Reached skill level 4 in Polearms
   126 | D        | Reached XP level 2. HP: 28/28 MP: 2/2
   132 | D        | Killed a necrophage
   132 | D        | Reached *** piety under Trog
   133 | D        | Reached skill level 6 in Polearms
   133 | D        | Reached skill level 5 in Dodging
   133 | D        | Reached XP level 3. HP: 38/38 MP: 3/3
   133 | D        | Reached XP level 4. HP: 45/45 MP: 4/4
   147 | D        | Reached skill level 7 in Polearms
   147 | D        | Reached XP level 5. HP: 51/51 MP: 5/5
   184 | D        | Found a snail-covered altar of Cheibriados.
   184 | D        | Found a shadowy altar of Dithmenos.
   184 | D        | Found a white marble altar of Elyvilon.
   184 | D        | Found a blossoming altar of Fedhas.
   184 | D        | Found an opulent altar of Gozag.
   185 | D        | Found a hazy altar of Hepliaklqana.
   186 | D        | Found a viscous altar of Jiyva.
   187 | D        | Found an ancient bone altar of Kikubaaqudgha.
   188 | D        | Found a corrupted altar of Lugonu.
   189 | D        | Found a burning altar of Makhleb.
   190 | D        | Found a sparkling altar of Nemelex Xobeh.
   191 | D        | Found an iron altar of Okawaru.
   192 | D        | Found a stormy altar of Qazlal.
   193 | D        | Found a sacrificial altar of Ru.
   194 | D        | Found a shimmering blue altar of Sif Muna.
   195 | D        | Found a bloodstained altar of Trog.
   196 | D        | Found a hide-covered altar of Uskayaw.
   197 | D        | Found a radiant altar of Vehumet.
   198 | D        | Found an ornate altar of the Wu Jian Council.
   199 | D        | Found a shimmering altar of Xom.
   200 | D        | Found a basalt altar of Yredelemnul.
   201 | D        | Found a glowing silver altar of Zin.
   202 | D        | Found a glowing golden altar of the Shining One.
   255 | D        | Noticed a troll
   255 | D        | Noticed a centaur
   255 | D        | Noticed an orc warrior
   257 | D        | Reached **** piety under Trog
   260 | D        | Killed an orc warrior
   261 | D        | Reached skill level 8 in Polearms
   262 | D        | Killed an unseen horror
   263 | D        | Reached skill level 9 in Polearms
   263 | D        | Reached XP level 6. HP: 63/63 MP: 6/6
   266 | D        | Reached skill level 10 in Polearms
   266 | D        | Your scales start taking on a golden yellow colour.
   266 | D        | Reached XP level 7. HP: 70/70 MP: 7/7
   266 | D        | Gained mutation: You are resistant to acid. (rCorr) [Yellow
                  | Draconian growth]
   267 | D        | Reached ***** piety under Trog
   272 | D        | Killed a troll
   273 | D        | Reached skill level 10 in Fighting
   273 | D        | Reached skill level 11 in Polearms
   379 | D        | Noticed a rakshasa
   379 | D        | Noticed a six-headed hydra
   379 | D        | Noticed a slime creature
   379 | D        | Noticed a slime creature
   379 | D        | Noticed a centaur warrior
   379 | D        | Noticed a vampire mosquito
   382 | D        | Killed a vampire mosquito
   392 | D        | Killed a rakshasa
   393 | D        | Reached skill level 13 in Polearms
   393 | D        | Reached XP level 8. HP: 82/82 MP: 8/8
   395 | D        | Killed a centaur warrior
   396 | D        | Reached skill level 14 in Polearms
   396 | D        | Reached skill level 10 in Dodging
   396 | D        | Reached XP level 9. HP: 90/90 MP: 9/9
   403 | D        | Killed a large slime creature
   411 | D        | Killed a 13-headed hydra
   412 | D        | Reached skill level 15 in Polearms
   673 | D        | Noticed a five-headed hydra
   673 | D        | Noticed a polar bear
   673 | D        | Noticed a cane toad
   677 | D        | Received a gift from Trog
   679 | D        | Noticed a cane toad
   688 | D        | Killed a cane toad
   691 | D        | Reached skill level 16 in Polearms
   695 | D        | Killed a nine-headed hydra
   696 | D        | Reached XP level 10. HP: 15/102 MP: 10/10
   709 | D        | Killed a cane toad
   710 | D        | Reached skill level 17 in Polearms
  1042 | D        | Reached ****** piety under Trog
  1042 | D        | Received a gift from Trog
  1043 | D        | Noticed a cane toad
  1054 | D        | Killed a cane toad
  1157 | D        | Noticed a cane toad
  1157 | D        | Noticed a cane toad
  1157 | D        | Noticed a cane toad
  1161 | D        | Noticed a cane toad
  1164 | D        | Killed a cane toad
  1165 | D        | Killed a cane toad
  1166 | D        | Reached skill level 1 in Stealth
  1176 | D        | Killed a cane toad
  1176 | D        | Noticed a catoblepas
  1435 | D        | Killed a cane toad
  1436 | D        | Received a gift from Trog
  1442 | D        | Reached skill level 15 in Fighting
  1442 | D        | Reached skill level 18 in Polearms
  1655 | D        | Killed a catoblepas
  1804 | D        | Noticed an elephant
  1804 | D        | Noticed a dire elephant
  1804 | D        | Noticed an elephant
  1804 | D        | Noticed an elephant
  1804 | D        | Noticed an elephant
  1804 | D        | Noticed an elephant
  1807 | D        | Killed an elephant
  1808 | D        | Reached XP level 11. HP: 112/112 MP: 11/11
  1809 | D        | Noticed a dire elephant
  1810 | D        | Reached skill level 1 in Evocations
  1814 | D        | Received a gift from Trog
  1820 | D        | Killed a dire elephant
  1821 | D        | Reached skill level 19 in Polearms
  1823 | D        | Killed a dire elephant
  2063 | D        | Received a gift from Trog
  2080 | D        | Received a gift from Trog
  2197 | D        | Noticed an orc knight
  2203 | D        | Reached skill level 20 in Polearms
  2209 | D        | Killed an orc knight
  2209 | D        | Received a gift from Trog
  2209 | D        | Noticed an orc knight
  2216 | D        | Killed an orc knight
  2488 | D        | Found Eddec's Armour Boutique.
  2488 | D        | Noticed an orc sorcerer
  2488 | D        | Noticed an orc sorcerer
  2489 | D        | Noticed an orc sorcerer
  2500 | D        | Killed an orc sorcerer
  2500 | D        | Identified the +10 battleaxe of the Desert {vorpal, +Blink
                  | rElec} (Trog gifted it to you in the Dungeon)
  2500 | D        | Received a gift from Trog
  2503 | D        | Killed an orc sorcerer
  2504 | D        | Reached skill level 21 in Polearms
  2509 | D        | Killed an orc sorcerer
  2512 | D        | Received a gift from Trog
  2546 | D        | Noticed an orc sorcerer
  2668 | D        | Found Fidalu's Book Shop.
  2672 | D        | Found Acuip's Armour Boutique.
  2674 | D        | Found Errarph's Antique Weapon Shop.
  2675 | D        | Noticed an orc sorcerer
  2676 | D        | Noticed an orc sorcerer
  2677 | D        | Killed an orc sorcerer
  2681 | D        | Killed an orc sorcerer
  2684 | D        | Killed an orc sorcerer
  2684 | D        | Received a gift from Trog
  2685 | D        | Reached XP level 12. HP: 119/125 MP: 12/12
  3031 | D        | Noticed a six-headed hydra
  3037 | D        | Killed a two-headed hydra
  3037 | D        | Received a gift from Trog
  3047 | D        | Reached skill level 22 in Polearms
  3054 | D        | Noticed an ice dragon
  3057 | D        | Received a gift from Trog
  3329 | D        | Noticed an ice dragon
  3329 | D        | Noticed a rakshasa
  3329 | D        | Noticed an ice dragon
  3335 | D        | Killed an ice dragon
  3342 | D        | Noticed an ice dragon
  3347 | D        | Killed an ice dragon
  3353 | D        | Killed a rakshasa
  3596 | D        | Killed an ice dragon
  3598 | D        | Killed an ice dragon
  3598 | D        | Received a gift from Trog
  3599 | D        | Reached skill level 23 in Polearms
  3621 | D        | Noticed a fire dragon
  3632 | D        | HP: 3/128 [fire dragon/blast of flame (56)]
  4137 | D        | Killed a fire dragon
  4200 | D        | Noticed Sonja
  4206 | D        | Killed Sonja
  4223 | D        | Noticed Azrael
  4235 | D        | Received a gift from Trog
  4241 | D        | Killed Azrael
  4518 | D        | Noticed Snorg
  4526 | D        | Killed Snorg
  4768 | D        | Noticed a merfolk impaler
  4777 | D        | Killed a merfolk impaler
  4794 | D        | Reached skill level 24 in Polearms
  4805 | D        | Received a gift from Trog
  4809 | D        | Reached XP level 13. HP: 76/138 MP: 13/13
  5000 | D        | Noticed an emperor scorpion
  5004 | D        | Reached skill level 15 in Dodging
  5019 | D        | Killed an emperor scorpion
  5020 | D        | Received a gift from Trog
  5021 | D        | Reached skill level 5 in Stealth
  5227 | D        | Received a gift from Trog
  5245 | D        | Received a gift from Trog
  5249 | D        | Reached skill level 25 in Polearms
  5251 | D        | HP: 5/140 [black mamba (12)]
  5252 | D        | Killed from afar by a naga

Illustrated notes

Levels and vault maps discovered:
D:        linesprint [early_d, line_temple, items_1, d_10, items_2, lair_1,
          lair_end, items_3, orc_1, orc_end, items_4, d_15, swamp_1, shoals_1,
          snake_1, spider_1, d_20, vaults_1, items_5, swamp_end, shoals_end,
          snake_end, spider_end, vaults_end, d_27, items_6, zot_1, zot_end,
          crypt_end, forest_end, elf_end, slime_end, tomb_end, abyss_end,
          pan_hell_end]

Skill      XL: |  1  2  3  4  5  6  7  8  9 10 11 12 13 |
---------------+----------------------------------------+-----
Dodging        | 3 5 7 8 9 10 11 12 13 14 15 | 15.4
Fighting       | 4 6 9 11 12 13 15 17 19 20 | 20.5
Polearms       | 4 6 7 9 10 13 14 16 18 21 24 25 | 25.0
Stealth        | 1 2 4 5 |  5.2
Evocations     | 1 2 |  2.4
Throwing       | |  0.8

Action                   |  1- 3 |  4- 6 |  7- 9 | 10-12 | 13-15 || total
-------------------------+-------+-------+-------+-------+-------++-------
Melee: Spear             |    21 |    12 |       |       |       ||    33
       Tailslap          |     2 |     3 |     7 |    35 |     3 ||    50
       Halberd           |       |     8 |    55 |     9 |       ||    72
       Bardiche          |       |       |       |   261 |    64 ||   325
Throw: Dart              |       |       |       |     1 |       ||     1
Invok: Berserk           |     1 |     1 |     2 |    13 |     2 ||    19
 Abil: Breathe Acid      |       |       |     3 |     1 |       ||     4
Evoke: Condenser vane    |       |       |     1 |     3 |       ||     4
  Use: Potion            |       |       |       |     1 |     1 ||     2
       Scroll            |       |       |       |     1 |       ||     1
 Stab: Sleeping          |       |       |       |     1 |       ||     1
Armor: Skin              |     1 |     5 |    21 |    42 |    12 ||    81
Dodge: Dodged            |    10 |     8 |    42 |   129 |    40 ||   229

Table legend: (Time is in decaauts)
 A = Elapsed time spent in this place.
 B = Non-inter-level travel time spent in this place.
 C = Inter-level travel time spent in this place.
 D = Time resting spent in this place.
 E = Time spent auto-exploring this place.
 F = Levels seen in this place.
 G = Mean time per level.
                   A        B        C        D        E       F      G
               +--------+--------+--------+--------+--------+-----+--------+
         Total |   5314 |   5314 |      0 |   3951 |    234 |   1 | 5314.0 |
       Dungeon |   5314 |   5314 |      0 |   3951 |    234 |   1 | 5314.0 |
               +--------+--------+--------+--------+--------+-----+--------+

Top non-repeatable levels by time:
       D: 5314 daAuts
